[Event "*** MasterClass Titled Tuesday Blitz"]
[Site "Chess.com"]
[Date "2017.12.05"]
[Round "8"]
[White "calemcc"]
[Black "nicegg"]
[Result "1/2-1/2"]
[WhiteElo "2259"]
[BlackElo "1989"]
[TimeControl "180+2"]
[EndTime "15:58:02 PST"]
[Termination "Game drawn - insufficient material"]

1. d4 Nf6 2. c4 e6 3. Nf3 Bb4+ 4. Nbd2 c5 5. a3 Bxd2+ 6. Qxd2 cxd4 7. Nxd4 Nc6 8. b4 d5 9. e3 e5 10. Nf3 O-O 11.
cxd5 Qxd5 12. Qxd5 Nxd5 13. Bb2 f6 14. Bc4 Be6 15.
O-O-O Rfd8 16. Nd2 Nc7 17. Bxe6+ Nxe6 18. Ne4 Rac8 19.
Kb1 Kf8 20. Rc1 Ne7 21. Rhd1 Rxd1 22. Rxd1 Rd8 23. Rc1 Rc8 24. Rd1 Rd8 25. Rc1 Nd5 26. Nc5 Nxc5 27. Rxc5 Ke7 28. b5 Nb6 29. Rc7+ Rd7 30.
Rc2 Rd1+ 31. Ka2 h5 32. Bc3 Nd5 33. Bb4+ Nxb4+ 34. axb4 Kd7 35. Kb3 Rd3+ 36. Kc4 Rd1 37. b6 axb6 38. Kb5 Rd6 39. h4 g5 40. g3 gxh4 41. gxh4 f5 42. Rc1 Rg6 43. Rc4 Rg4 44. f4 Rxh4 45. Kxb6 exf4 46. exf4 Rg4 47. Kxb7 h4 48.
Rd4+ Ke6 49. b5 h3 50. Rd1 Rxf4 51. Rh1 Rh4 52. b6 Ke5 53. Kc7 f4 54. b7 Rh7+ 55. Kc8 Rh8+ 56. Kc7 Rh7+ 57. Kc6 Rxb7 58. Kxb7 Ke4 59. Rxh3 f3 60. Rh8 f2 61. Rf8 Ke3 62. Kc6 Ke2 63. Re8+ Kd1 64. Rf8 Ke2 65. Re8+ Kd1 66. Rf8 Ke2 67. Kd5 f1=Q 68. Rxf1 Kxf1 1/2-1/2

[Event "*** MasterClass Titled Tuesday Blitz"]
[Site "Chess.com"]
[Date "2017.12.05"]
[Round "8"]
[White "EndgameGrinder"]
[Black "Hasangatin_Ramil"]
[Result "1-0"]
[WhiteElo "2437"]
[BlackElo "2381"]
[TimeControl "180+2"]
[EndTime "15:58:11 PST"]
[Termination "EndgameGrinder won by resignation"]

1. e4 d5 2. exd5 Qxd5 3. Nc3 Qd6 4. Nf3 Nf6 5. g3 c6 6. Bg2 Bf5 7. O-O e6 8. d4 Nbd7 9. a3 Qc7 10. Bf4 Bd6 11.
Bxd6 Qxd6 12. Re1 O-O 13. Ne5 Nxe5 14. dxe5 Qxd1 15. Raxd1 Nd5 16. Ne4 Bxe4 17. Bxe4 b5 18. Rd2 Rfd8 19. Rc1 Ne7 20. Rcd1 Rxd2 21. Rxd2 Nd5 22.
Kf1 Kf8 23. Ke2 Ke7 24. f4 g6 25. Rd4 Rb8 26. Bxd5 exd5 27. Kf3 Ke6 28. b3 c5 29. Rd1 a5 30. Re1 a4 31. Rb1 axb3 32. Rxb3 f5 33. c3 Kd7 34. a4 b4 35. cxb4 c4 36.
Rb1 d4 37. Ke2 Kc6 38. Kd2 Ra8 39. Ra1 Kd5 40. Kc2 h6 41. a5 Kc6 42. a6 Kb5 43. a7 Kxb4 44. e6 d3+ 45. Kd2 Kb3 46. e7 Kb2 47. e8=Q Rxe8 48. a8=Q 1-0

[Event "*** MasterClass Titled Tuesday Blitz"]
[Site "Chess.com"]
[Date "2017.12.05"]
[Round "8"]
[White "1random"]
[Black "fredjust"]
[Result "1-0"]
[WhiteElo "2201"]
[BlackElo "1665"]
[TimeControl "180+2"]
[EndTime "15:58:28 PST"]
[Termination "1random won by checkmate"]

1. e4 b6 2. d4 Bb7 3. Nc3 e6 4. Bd3 Bb4 5. Ne2 Nf6 6. O-O d5 7. e5 Nfd7 8. Nb1 Be7 9. Nf4 c5 10. c3 Qc8 11. Qh5 Nf8 12. Nd2 Ba6 13. Bxa6 Nxa6 14.
Nf3 cxd4 15. Nxd4 Nc5 16. Qg4 g6 17. h4 h5 18. Qh3 Qc7 19. Re1 Ne4 20. Nd3 O-O-O 21. Bf4 Nd7 22. a4 g5 23. hxg5 Bxg5 24.
Bxg5 Nxg5 25. Qe3 Ne4 26. f3 Qxe5 27. Nxe5 Nxe5 28. fxe4 Rhg8 29. exd5 Rxd5 30. Nf3 Rd3 31. Qxe5 Rxf3 32. Rad1 Rfg3 33. Re2 h4 34. Qd6 h3 35.
Qc6+ Kb8 36. Rd7 Rxg2+ 37. Rxg2 Rxg2+ 38. Kh1 Rg1+ 39. Kxg1 h2+ 40. Kxh2 f5 41. Qxe6 a5 42. Qxb6+ Ka8 43. Qxa5+ Kb8 44. Qxf5 Ka8 45. Rd1 Kb8 46. Qb1 Kb7 47. b4 Ka6 48. c4 Kb7 49. Rc1 Kb6 50. c5+ Kc6 51. b5+ Kb7 52. a5 Ka7 53. c6 Kb8 54.
Kg3 Kc7 55. Kf4 Kc8 56. Ke5 Kb8 57. Kd6 Kc8 58. Ke7 Kb8 59. b6 Ka8 60. a6 Kb8 61.
Kd8 Ka8 62. Qf5 Kb8 63. Qf8 Ka8 64. Rh1 Kb8 65. Rh8 Ka8 66. Kc7# 1-0

[Event "*** MasterClass Titled Tuesday Blitz"]
[Site "Chess.com"]
[Date "2017.12.05"]
[Round "8"]
[White "likantrophuss"]
[Black "1e41-0"]
[Result "1-0"]
[WhiteElo "2454"]
[BlackElo "2342"]
[TimeControl "180+2"]
[EndTime "15:58:28 PST"]
[Termination "likantrophuss won by resignation"]

1. Nf3 d5 2. c4 c6 3. g3 Nf6 4. Bg2 Bg4 5. O-O Nbd7 6. b3 e6 7. Bb2 Be7 8. d3 O-O 9. Nc3 Re8 10. Rc1 a5 11. a3 Qb6 12. Na4 Qc7 13. h3 Bh5 14.
cxd5 exd5 15. Nd4 Rad8 16. g4 Bg6 17. f4 h6 18. f5 Bh7 19. Qe1 Qe5 20. Nf3 Qb8 21.
Qxa5 b5 22. Nc3 Qg3 23. Nd1 Bc5+ 24. Bd4 Ra8 25. Qe1 Qxe1 26. Rxe1 Bxd4+ 27. Nxd4 Ne5 28. Nf2 Rxa3 29. Nxc6 Nxc6 30. Rxc6 Rxb3 31. Rb6 Rb2 32. Bf3 Kf8 33. Rc1 Nd7 34. Rb7 Ne5 35. Bxd5 Rd8 36. Kf1 g6 37. f6 g5 38. d4 Nd7 39. Rcc7 Rb1+ 40. Kg2 Ke8 41. Rxd7 Rxd7 42. Rb8+ Rd8 43. Bc6+ Kf8 1-0

[Event "*** MasterClass Titled Tuesday Blitz"]
[Site "Chess.com"]
[Date "2017.12.05"]
[Round "8"]
[White "MasterBlitz83"]
[Black "chesstrophy1"]
[Result "0-1"]
[WhiteElo "1421"]
[BlackElo "1465"]
[TimeControl "180+2"]
[EndTime "15:58:28 PST"]
[Termination "chesstrophy1 won by resignation"]

1. e4 e5 2. Nf3 Nc6 3. Bc4 Bc5 4. O-O Nf6 5. d4 Bxd4 6. Nxd4 Nxd4 7. f4 d6 8. fxe5 dxe5 9. Bg5 Be6 10. Bxe6 Nxe6 11.
Qf3 Nd4 12. Qg3 Nxc2 13. Qxe5+ Qe7 14. Qb5+ c6 15. Qe2 Nxa1 16. Nc3 O-O-O 17. e5 Rhe8 18. Re1 Qc5+ 19. Kh1 h6 20. Be3 Qxe5 21. Qf2 Qc7 22. Rxa1 Ne4 23. Qf5+ Kb8 24. Nxe4 Qe7 25.
Bf4+ Ka8 26. Re1 Qxe4 27. Qxe4 Rxe4 28. Rf1 Rde8 29. Bg3 b6 30. h3 f6 31. Rd1 g6 32.
Rd6 R4e6 33. Rd7 R6e7 34. Rd6 Re6 35. Rd7 a6 36. Rg7 g5 37. Bc7 R8e7 38. Rg8+ Kb7 39.
Bb8 Re8 40. Rxe8 Rxe8 41. Bg3 Re2 0-1

[Event "*** MasterClass Titled Tuesday Blitz"]
[Site "Chess.com"]
[Date "2017.12.05"]
[Round "8"]
[White "chito89"]
[Black "pKiLz5Rn9b"]
[Result "1/2-1/2"]
[WhiteElo "2621"]
[BlackElo "2647"]
[TimeControl "180+2"]
[EndTime "15:58:31 PST"]
[Termination "Game drawn by agreement"]

1. d4 Nf6 2. c4 e6 3. Nf3 b6 4. g3 Bb7 5. Bg2 Bb4+ 6. Bd2 c5 7. Bxb4 cxb4 8. O-O O-O 9. Qd3 d6 10. Nbd2 Qc7 11.
a3 bxa3 12. Qxa3 a5 13. Rfc1 Nbd7 14. e3 Rfc8 15. b4 h6 16. Qb2 Ra7 17. Rcb1 Rca8 18. Ra3 d5 19. bxa5 bxa5 20. c5 Bc6 21. Bf1 a4 22.
Bd3 Rb8 23. Qc2 Rxb1+ 24. Qxb1 Rb7 25. Qc2 Rb4 26. Qc3 Qb8 27. Bc2 Ne4 28. Nxe4 dxe4 29. Nd2 Nf6 30. Qa1 Qa8 31. Nb1 Qb7 32. Nc3 Rb2 33.
Bxa4 Bxa4 34. Rxa4 Qb3 35. Ra2 Rxa2 36. Nxa2 Nd5 37. c6 Qc2 38. Qc1 Qxa2 39. c7 Nxc7 40. Qxc7 Qd5 41. Kg2 g5 42. g4 1/2-1/2

[Event "*** MasterClass Titled Tuesday Blitz"]
[Site "Chess.com"]
[Date "2017.12.05"]
[Round "8"]
[White "chidori_boruto"]
[Black "chessking2151"]
[Result "1-0"]
[WhiteElo "2530"]
[BlackElo "2350"]
[TimeControl "180+2"]
[EndTime "15:58:31 PST"]
[Termination "chidori_boruto won by resignation"]

1. d4 Nf6 2. Nf3 e6 3. Bf4 c5 4. c3 d5 5. e3 Nc6 6. Nbd2 Bd6 7. Bg3 O-O 8. Bd3 b6 9. O-O Bb7 10. Qe2 Bxg3 11. hxg3 Ng4 12. Rad1 Qf6 13. e4 cxd4 14. Nxd4 Nge5 15. Bb1 Nxd4 16. cxd4 Nc6 17. exd5 exd5 18. Nf3 Rfe8 19. Qd3 g6 20. Rfe1 Kg7 21. a3 Re7 22.
Rxe7 Qxe7 23. Re1 Qd7 24. Bc2 Re8 25. Rxe8 Qxe8 26. Ba4 Qe4 27. Qd2 Na5 28. Bc2 Qe7 29. Bd3 Nc4 30. Qc2 Nd6 31. Qe2 Qf6 32. Qe5 Nc4 33.
Qc7 Nxb2 34. Bb5 a6 35. Be8 Ba8 36. Ne5 Nd1 37. f4 Ne3 38. Bxf7 Kh6 39. Bg8 Qg7 40. Qd8 g5 41. fxg5+ Kh5 42. Bf7+ 1-0

[Event "*** MasterClass Titled Tuesday Blitz"]
[Site "Chess.com"]
[Date "2017.12.05"]
[Round "8"]
[White "SanQui14"]
[Black "Margency"]
[Result "0-1"]
[WhiteElo "2181"]
[BlackElo "2481"]
[TimeControl "180+2"]
[EndTime "15:58:32 PST"]
[Termination "Margency won by resignation"]

1. e4 c5 2. Nf3 d6 3. d4 cxd4 4.
Qxd4 Nc6 5. Bb5 Bd7 6. Bxc6 Bxc6 7.
Nc3 Nf6 8. Bg5 e6 9. O-O-O Be7 10. Qd3 Qa5 11. h4 Qa6 12. Qxa6 bxa6 13. Rhe1 h6 14. Bd2 Ng4 15. Re2 O-O 16. Nd4 Bb7 17. f3 Ne5 18.
Rh1 Rfc8 19. g4 Rab8 20. g5 h5 21. f4 Nc4 22. f5 e5 23. Nb3 Bc6 24. f6 gxf6 25.
Rg1 fxg5 26. Bxg5 Kf8 27. Rf2 Bxg5+ 28. Rxg5 a5 29. a4 Ke7 30. Rxh5 Rh8 31. Rhf5 Rbf8 32. h5 Rh7 33. Rh2 f6 34. Rg2 Rff7 35. Rg6 Ne3 36.
Rf3 Nc4 37. h6 Ke6 38. Nd2 Nb6 39. b3 d5 40. exd5+ Nxd5 41. Nxd5 Bxd5 42. Rc3 Kf5 43. Rcg3 e4 44. Nf1 Ke5 45. Ne3 Be6 46. c3 f5 47.
Kc2 Rf6 48. Ng2 Rxh6 49. Rxf6 Rxf6 50. Kd2 f4 51. Rg5+ Rf5 52. Rxf5+ Bxf5 53. b4 Bh3 54.
Ne1 e3+ 55. Kd3 Bf1+ 56. Kc2 Ke4 57. Kd1 f3 58. Nc2 f2 59. Nd4 Bd3 0-1

[Event "*** MasterClass Titled Tuesday Blitz"]
[Site "Chess.com"]
[Date "2017.12.05"]
[Round "8"]
[White "northridgehawk"]
[Black "mikelito7"]
[Result "1-0"]
[WhiteElo "1959"]
[BlackElo "1372"]
[TimeControl "180+2"]
[EndTime "15:58:35 PST"]
[Termination "northridgehawk won on time"]

1. d4 c5 2. d5 d6 3. c4 Nf6 4. Nc3 e6 5. e4 exd5 6. cxd5 Bg4 7. f3 Bh5 8. Bc4 Be7 9. a4 a6 10. Nge2 Nbd7 11. Ng3 Bg6 12. O-O Ne5 13. Be2 Nh5 14.
Nxh5 Bxh5 15. f4 Bxe2 16. Qxe2 Ng6 17. e5 O-O 18. e6 Bf6 19. f5 Ne7 20. Qe4 Be5 21.
Bf4 Bd4+ 22. Kh1 fxe6 23. dxe6 Nxf5 24. Rae1 Ne7 25. Bg3 Qc7 26. Rf7 Rae8 27. Ref1 Qc6 28. Qg4 Ng6 29. Ne4 Qd5 30. Ng5 Ne5 31. Nxh7 Nxg4 32. Nxf8 Rxe6 33. Nxe6 Qxe6 34. Rf8+ Kh7 35. h3 1-0

[Event "*** MasterClass Titled Tuesday Blitz"]
[Site "Chess.com"]
[Date "2017.12.05"]
[Round "8"]
[White "VladDobrov"]
[Black "Indianlad"]
[Result "0-1"]
[WhiteElo "2601"]
[BlackElo "2606"]
[TimeControl "180+2"]
[EndTime "15:58:37 PST"]
[Termination "Indianlad won by resignation"]

1. d4 Nf6 2. c4 e6 3. Nf3 d5 4. Nc3 Be7 5. Bf4 O-O 6. e3 Nbd7 7. a3 a6 8. c5 b6 9. b4 Ne4 10. Qc2 Nxc3 11. Qxc3 a5 12. Bd3 axb4 13. axb4 Rxa1+ 14. Qxa1 g5 15. Bg3 f5 16. Qc1 bxc5 17. bxc5 h5 18. h4 g4 19. Ng5 Nf6 20. f3 c6 21.
Qa3 Nh7 22. Nxh7 Kxh7 23. Qa7 Rf7 24. Qa8 gxf3 25. gxf3 Rg7 26. Be5 Rg2 27. Kf1 Rd2 28. Be2 Rb2 29. Qa7 Bb7 30. Qa1 Rb3 31. Bf4 Bxh4 32. Bd1 Rb4 33. Ke2 Qg8 34. Rxh4 Qg2+ 35.
Kd3 Qf1+ 36. Kd2 Qf2+ 37. Be2 Qxh4 38. Qa7 Qf2 39. Kc3 Qe1+ 40. Kd3 Rb3+ 0-1

[Event "*** MasterClass Titled Tuesday Blitz"]
[Site "Chess.com"]
[Date "2017.12.05"]
[Round "8"]
[White "jefferyx"]
[Black "Salem-AR"]
[Result "1/2-1/2"]
[WhiteElo "2791"]
[BlackElo "2814"]
[TimeControl "180+2"]
[EndTime "15:58:38 PST"]
[Termination "Game drawn by repetition"]

1. e4 c5 2. Nf3 d6 3. d4 cxd4 4. Qxd4 Nf6 5. Bg5 Nc6 6. Bb5 Bd7 7. Qd3 h6 8. Bxf6 gxf6 9. Nc3 Rg8 10. g3 e6 11. O-O-O Be7 12. Kb1 a6 13. Bxc6 Bxc6 14. Nd4 Bd7 15. f4 Qc7 16. f5 O-O-O 17. Rhf1 h5 18.
Qe2 Rh8 19. Qd3 Kb8 20. fxe6 fxe6 21. Nce2 Rdg8 22. Nf4 Qc8 23. Qb3 d5 24. exd5 e5 25.
Nc6+ Bxc6 26. dxc6 exf4 27. Rd7 Qxc6 28. Rxe7 fxg3 29.
hxg3 Re8 30. Rxe8+ Rxe8 31. a3 Re2 32. Rf4 Ka7 33. Qd3 Re1+ 34. Ka2 Qe6+ 35. c4 Re5 36. Qd4+ Kb8 37. Qd8+ Ka7 38. Qxf6 Qxf6 39. Rxf6 Rg5 40. Rh6 Rxg3 41. Rxh5 Kb6 42. a4 a5 43. Rb5+ Ka6 44.
c5 Rg6 45. b3 Rc6 46. Kb2 Rh6 47. Kc3 Rh3+ 48. Kd4 Rh4+ 49. Ke5 Rh5+ 50. Kf6 Rh6+ 51. Kg7 Rc6 52. Kf7 Rh6 53. Ke7 Rh7+ 54. Kd6 Rh6+ 55. Kc7 Rh7+ 56. Kd6 Rh6+ 57. Kc7 Rh7+ 58. Kd6 1/2-1/2

[Event "*** MasterClass Titled Tuesday Blitz"]
[Site "Chess.com"]
[Date "2017.12.05"]
[Round "8"]
[White "TheMagician"]
[Black "josemoramoron"]
[Result "0-1"]
[WhiteElo "2167"]
[BlackElo "2194"]
[TimeControl "180+2"]
[EndTime "15:58:42 PST"]
[Termination "josemoramoron won by checkmate"]

1. d4 Nf6 2. Nc3 d5 3. Bg5 Nbd7 4. e3 c5 5. Bb5 a6 6. Bxd7+ Bxd7 7. Bxf6 gxf6 8. dxc5 e6 9. e4 Bxc5 10. exd5 Qb6 11.
Nh3 Qxb2 12. Ne2 Bb4+ 13. Kf1 Bb5 14. Rb1 Bxe2+ 15. Kxe2 Qe5+ 16. Kf1 Rd8 17. Rxb4 Rxd5 18. Qe1 Qd6 19. Rb1 O-O 20. g3 Qc6 21. Rg1 Rfd8 22.
Nf4 Rd2 23. Rc1 e5 24. Nd3 Rxc2 25. Rxc2 Qxc2 26. Nxe5 Rd1 27. Qxd1 Qxd1+ 28. Kg2 Qd5+ 29. Nf3 Qxa2 30. g4 b5 31. Rd1 b4 32. Nh4 h5 33.
h3 hxg4 34. hxg4 b3 35. Rd8+ Kh7 36. Rd7 b2 37. g5 fxg5 38. Nf3 b1=Q 39. Rxf7+ Kg8 40.
Rf6 Qaa1 41. Rg6+ Qxg6 42. Ne5 Qe4+ 43. Kg3 Qg1+ 44. Kh3 Qh4# 0-1

[Event "*** MasterClass Titled Tuesday Blitz"]
[Site "Chess.com"]
[Date "2017.12.05"]
[Round "8"]
[White "ZCorrales"]
[Black "GameOverBro"]
[Result "0-1"]
[WhiteElo "2156"]
[BlackElo "2331"]
[TimeControl "180+2"]
[EndTime "15:58:50 PST"]
[Termination "GameOverBro won by resignation"]

1. e4 d6 2. d4 Nf6 3. Nc3 e5 4. dxe5 dxe5 5. Qxd8+ Kxd8 6. Bg5 Be6 7. O-O-O+ Kc8 8. Nf3 Nbd7 9. Bb5 c6 10. Ba4 Bb4 11.
Ne2 Nxe4 12. Be3 Bxa2 13. c3 Bc5 14. Rhf1 Bxe3+ 15. fxe3 f6 16. Bc2 Nec5 17. b4 Ne6 18. Nd2 Nef8 19. c4 b5 20. cxb5 cxb5 21. Kb2 Bd5 22. Rc1 Kb7 23. Nb3 Rc8 24. Na5+ Kb8 25. Bd3 a6 26. Rxc8+ Kxc8 27. Nc3 Ba8 28. Rc1 Kd8 29. Ne4 Ne6 30. Nd6 Ke7 31. Nf5+ Kf7 32. Bb1 g6 33. Nh6+ Ke7 34. Ba2 Bxg2 35. Nb7 Bxb7 36.
Ng4 h5 37. Nf2 Rc8 38. Rd1 Nb6 39. Nd3 Na4+ 40. Ka1 Be4 41. Nf2 Bf3 42. Rg1 Ng5 43. Nd3 Rc3 44. Nb2 Rxe3 45. Nxa4 bxa4 46. Rc1 a3 47.
Rc7+ Kd6 48. Rc1 Be4 0-1

[Event "*** MasterClass Titled Tuesday Blitz"]
[Site "Chess.com"]
[Date "2017.12.05"]
[Round "8"]
[White "Rodalquilar"]
[Black "Al_Shima"]
[Result "1-0"]
[WhiteElo "2490"]
[BlackElo "2358"]
[TimeControl "180+2"]
[EndTime "15:59:09 PST"]
[Termination "Rodalquilar won by resignation"]

1. d4 Nf6 2. Bf4 d6 3. Nf3 g6 4. h3 Bg7 5. e3 b6 6. Be2 Bb7 7.
O-O O-O 8. a4 a6 9. Nbd2 c5 10. c3 Nc6 11. Bh2 Rc8 12. Bd3 Qc7 13. Qe2 Nb8 14. e4 Nfd7 15. e5 cxd4 16. exd6 exd6 17.
cxd4 Rfe8 18. Qd1 Nf6 19. Qb3 Bd5 20. Qa3 Rcd8 21. Rac1 Qd7 22. Qb4 Nc6 23. Qa3 Ne4 24. Nxe4 Bxe4 25. Bxe4 Rxe4 26. Qd3 d5 27. Qxa6 Nxd4 28.
Rc7 Qe6 29. Ng5 Ne2+ 30. Kh1 Qf6 31. Nxe4 Qxb2 32. Ng5 Rf8 33. Qb7 Qf6 34. Qxd5 h6 35. Ne4 Qb2 36. Nd6 Qf6 37. Nxf7 Nc3 38. Rxc3 Qxc3 39.
Nxh6+ Kh7 40. Ng4 Qd4 41. Qxd4 Bxd4 42. Bg3 Bc5 43. Rc1 Ra8 44. Rc4 Kg7 45. Bf4 Kf7 46.
Be3 Bxe3 47. Nxe3 Ke6 48. Rc6+ Ke5 49. Rxb6 Rxa4 50. Rxg6 Kf4 51. Rg4+ Ke5 52. Rxa4 1-0

[Event "*** MasterClass Titled Tuesday Blitz"]
[Site "Chess.com"]
[Date "2017.12.05"]
[Round "8"]
[White "luisgui16"]
[Black "AndreyOstrovskiy"]
[Result "0-1"]
[WhiteElo "2317"]
[BlackElo "2517"]
[TimeControl "180+2"]
[EndTime "15:59:18 PST"]
[Termination "AndreyOstrovskiy won by resignation"]

1. d4 Nf6 2. c4 e6 3. Nf3 b6 4. g3 c6 5. Bg2 Be7 6. O-O O-O 7. Qc2 d5 8. Rd1 Nbd7 9. Nc3 Ba6 10. cxd5 cxd5 11. Qa4 Qc8 12. Bf4 b5 13. Nxb5 Qc6 14.
Nc3 Qxa4 15. Nxa4 Bxe2 16. Rdc1 Rfc8 17. Nd2 Ne8 18. Nb3 g5 19. Be3 Nb6 20. Nbc5 Nd6 21. b3 Nb5 22. Rc2 Bd3 23. Rd2 Bg6 24. Rc1 Nxa4 25.
bxa4 Nd6 26. Bf1 Ne4 27. Rb2 Rc7 28. Ba6 Nxc5 29. dxc5 e5 30. Rb5 d4 31. Bd2 Bd3 32.
Ba5 Bxb5 33. axb5 Rxc5 34. Rxc5 Bxc5 35. Bb7 Rb8 36. Bc6 Bb6 37. Bb4 d3 38. Kf1 Rd8 39. Bd2 h6 40. a4 Kg7 41. a5 Bxa5 42. Bxa5 d2 43. Bf3 d1=Q+ 44. Bxd1 Rxd1+ 45. Ke2 Rd5 46. Bc3 Rxb5 47. Kd3 f6 0-1

[Event "*** MasterClass Titled Tuesday Blitz"]
[Site "Chess.com"]
[Date "2017.12.05"]
[Round "8"]
[White "RaphaeI"]
[Black "AbdAlAgathos"]
[Result "1-0"]
[WhiteElo "2516"]
[BlackElo "2311"]
[TimeControl "180+2"]
[EndTime "15:59:27 PST"]
[Termination "RaphaeI won by resignation"]

1. Nf3 Nf6 2. c4 g6 3. g3 Bg7 4.
Bg2 O-O 5. d4 d6 6. Nc3 Nc6 7.
O-O a6 8. b3 Rb8 9. Nd5 b5 10.
Nxf6+ Bxf6 11. Bh6 Re8 12. Rc1 Bd7 13. c5 d5 14. Bf4 Nxd4 15. Nxd4 e5 16. Bxe5 Bxe5 17.
c6 Bg4 18. h3 Bc8 19. Rc5 Be6 20. e3 Bd6 21. Rc2 Bf8 22. h4 Qf6 23. h5 Rbd8 24.
hxg6 hxg6 25. Qd3 Bc8 26. a4 bxa4 27. bxa4 Kg7 28. Rb1 Re5 29. Rb8 Rh5 30. Qc3 Be7 31. Ne2 Qxc3 32. Rxc3 Bf6 33. Nd4 Rdh8 34. Bf3 Re5 35.
Rc5 Rd8 36. a5 Be7 37. Rxd5 Rexd5 38. Bxd5 Rxd5 39. Rxc8 Rxa5 40. Rxc7 Bd6 41. Rd7 Be5 42. c7 Ra1+ 43. Kg2 Rc1 44. f4 Bxd4 45. exd4 a5 46. d5 a4 47. d6 a3 48. Rd8 a2 49. Ra8 1-0

[Event "*** MasterClass Titled Tuesday Blitz"]
[Site "Chess.com"]
[Date "2017.12.05"]
[Round "8"]
[White "Koksik_13"]
[Black "Jumbo"]
[Result "1-0"]
[WhiteElo "2347"]
[BlackElo "2444"]
[TimeControl "180+2"]
[EndTime "15:59:27 PST"]
[Termination "Koksik_13 won on time"]

1. g4 d5 2. Bg2 c6 3. c4 dxc4 4. g5 Be6 5. h4 Nd7 6. b3 cxb3 7. axb3 Nc5 8. Bb2 Bxb3 9. Qc1 Bd5 10. Nf3 Nb3 11.
Qc2 Nxa1 12. Bxa1 Qa5 13. Bb2 Qb4 14. Nc3 Bb3 15. Qc1 e6 16. O-O h6 17. g6 fxg6 18. Qb1 Ne7 19. Ne5 O-O-O 20. Ne4 Rd5 21. Nf7 Nf5 22. Bc3 Qa4 23. Nxh8 Nxh4 24. Ng3 g5 25.
Bxd5 Bxd5 26. Ng6 Bd6 27. Be5 Nxg6 28. Bxd6 Nh4 29. Qh7 Qd4 30. Qh8+ Kd7 31. Qb8 Qb6 32. Qf8 Qd8 33. Qxd8+ Kxd8 34. Be5 g6 35. Bg7 Nf5 36. Nxf5 gxf5 37. Bxh6 g4 38. d4 a5 39. Bf8 Kc7 40. Ra1 b6 41. Kh2 Bc4 42. e3 Bd5 43. Kg3 Kb7 44. Be7 Bb3 45. Kf4 Ka6 46. Bd8 a4 47. Ke5 b5 48. Kd6 b4 49. Kc5 1-0

[Event "*** MasterClass Titled Tuesday Blitz"]
[Site "Chess.com"]
[Date "2017.12.05"]
[Round "8"]
[White "juniortay"]
[Black "JusticeBot"]
[Result "0-1"]
[WhiteElo "2319"]
[BlackElo "2555"]
[TimeControl "180+2"]
[EndTime "15:59:37 PST"]
[Termination "JusticeBot won by resignation"]

1. e4 e5 2. Nc3 Nf6 3. Bc4 Nxe4 4. Nf3 Nd6 5. Bb3 e4 6. Qe2 Be7 7. Nxe4 Nxe4 8. Qxe4 O-O 9. O-O c6 10. d4 d5 11. Qd3 Bf6 12. Bf4 Nd7 13. Rfe1 Nb6 14.
Ne5 Be6 15. Re3 g6 16. Rae1 Re8 17. g3 g5 18. Kh1 gxf4 19. gxf4 Qc8 20. Rg1+ Kf8 21.
Qxh7 Bxe5 22. Rxe5 Nd7 23. Re3 Nf6 24. Qh6+ Ke7 25.
f5 Rh8 26. Qf4 Qb8 27. Re5 Nd7 28. Qg5+ Kd6 29. Re3 Rg8 30. Qf4+ Ke7 31. Qxb8 Rxg1+ 32. Kxg1 Rxb8 33. fxe6 fxe6 34. c4 Rg8+ 35. Kf1 Rf8 36.
cxd5 cxd5 37. Bxd5 Rf6 38. Bxb7 Kd6 39. Be4 Rh6 40. Kg2 Nf6 41. Bf3 Rg6+ 42. Kf1 Nh7 43.
b4 Ng5 44. a4 Rh6 45. Kg2 Rg6 46. Kf1 Rh6 47. Kg2 Rg6 48. Kf1 Rh6 49. b5 Rxh2 50. Ke2 Nh3 51. Kd3 Rxf2 52. a5 Ra2 53. Bg4 Nf2+ 54.
Kc3 Nxg4 55. Rg3 Ra3+ 0-1

[Event "*** MasterClass Titled Tuesday Blitz"]
[Site "Chess.com"]
[Date "2017.12.05"]
[Round "8"]
[White "penguingm1"]
[Black "Korchmar_Vasiliy"]
[Result "1-0"]
[WhiteElo "2629"]
[BlackElo "2544"]
[TimeControl "180+2"]
[EndTime "15:59:45 PST"]
[Termination "penguingm1 won on time"]

1. d4 Nf6 2. c4 e6 3. Nc3 Bb4 4. Qc2 b6 5. e4 c5 6. d5 Qe7 7. Ne2 exd5 8. exd5 O-O 9. Bg5 d6 10. O-O-O Nbd7 11. Ng3 Qe5 12. Bd2 b5 13. f4 Qe7 14.
Nf5 Qd8 15. Nxd6 bxc4 16. Nxc4 Nb6 17. Nxb6 Qxb6 18. a3 Ba5 19. Bc4 Bg4 20. Rde1 Rad8 21. Re5 Bc8 22. Rhe1 Bb7 23. Rg5 h6 24. Rg3 Nxd5 25.
Bd3 Nxc3 26. Bxc3 Bxc3 27. Qxc3 Rd4 28. Bc2 Qd6 29. Kb1 Bd5 30. Re5 Be6 31. Rxc5 Rd8 32. f5 Bd5 33. Ka1 Bb7 34. Re3 Qf4 35. Re1 Bxg2 36.
Rc7 Qf2 37. Rc1 Bd5 38. Bb3 Bxb3 39. Qxb3 Qxf5 40. Rxa7 Rd2 41. Rb7 Rf2 42. Ka2 Rdd2 43. Qc4 Qe5 44. Rc3 Rxh2 45. Qxf7+ Kh7 46. Qc4 h5 47. a4 Rhg2 48. Rb5 Qf6 49. Rxh5+ Kg6 50. Rb5 Rd4 51. Qb3 Qa6 52. Rb6+ 1-0

[Event "*** MasterClass Titled Tuesday Blitz"]
[Site "Chess.com"]
[Date "2017.12.05"]
[Round "8"]
[White "Frolik67"]
[Black "josmito10"]
[Result "1/2-1/2"]
[WhiteElo "2410"]
[BlackElo "2408"]
[TimeControl "180+2"]
[EndTime "16:00:11 PST"]
[Termination "Game drawn by stalemate"]

1. e4 c5 2. Nf3 d6 3. Bb5+ Nc6 4. d4 cxd4 5. Nxd4 Bd7 6. Nc3 Nf6 7. O-O a6 8. Bc4 Rc8 9. Bb3 Na5 10. Re1 Nxb3 11. axb3 e6 12. f4 e5 13. Nf5 Bxf5 14. exf5 Be7 15.
fxe5 dxe5 16. Qxd8+ Rxd8 17. Rxe5 Rd7 18. Bg5 O-O 19.
Rae1 Bd6 20. Bxf6 gxf6 21. Rd5 Rfd8 22. Red1 Bc5+ 23. Kf1 Rxd5 24. Rxd5 Rc8 25. Ne4 Be7 26. c4 Kf8 27. Rd7 b5 28. Rd4 Rc6 29. Ke2 Bc5 30. Rd5 Bg1 31. cxb5 axb5 32. h3 b4 33. Rb5 Rc2+ 34.
Kf3 Bd4 35. Rxb4 Be5 36. Rb6 Kg7 37. Nd6 Rxb2 38. Ne8+ Kh6 39. Nxf6 Bxf6 40. Rxf6+ Kg5 41. Rxf7 Rxb3+ 42. Kf2 h5 43. Rf8 h4 44. Kg1 Rb6 45. Kh2 Rf6 46. Rg8+ Kxf5 47. Rh8 Kg5 48. Rg8+ Rg6 49.
Rh8 Rh6 50. Ra8 Rf6 51. Ra5+ Rf5 52. Ra4 Rf4 53. Ra3 Rf1 54. Ra5+ Rf5 55. Ra8 Rf1 56. Rg8+ Kh5 57. Rh8+ Kg5 58. Rg8+ Kh5 59. Rg4 Re1 60. Rb4 Rf1 61. Rb5+ Kg6 62. Re5 Rd1 63. Re2 Kg5 64. Rf2 Re1 65. g3 hxg3+ 66. Kxg3 Re3+ 67. Kg2 Kh6 68. Rf5 Re6 69. Kf3 Kg6 70. Ra5 Rf6+ 71. Kg4 Rf7 72. h4 Kh7 73. Kg5 Rg7+ 74. Kh5 Rb7 75. Re5 Rc7 76. Kg5 Rb7 77. h5 Rc7 78. Kf6 Rc6+ 79. Kg5 Rc7 80. Rd5 Rb7 81. Rf5 Ra7 82.
h6 Rb7 83. Rd5 Ra7 84. Kh5 Rb7 85.
Rg5 Ra7 86. Rg3 Ra5+ 87. Rg5 Rxg5+ 88. Kxg5 Kh8 89. Kg6 Kg8 90. h7+ Kh8 91. Kh6 1/2-1/2

[Event "*** MasterClass Titled Tuesday Blitz"]
[Site "Chess.com"]
[Date "2017.12.05"]
[Round "8"]
[White "ZalupiNputiN"]
[Black "visa"]
[Result "0-1"]
[WhiteElo "2039"]
[BlackElo "2182"]
[TimeControl "180+2"]
[EndTime "16:00:11 PST"]
[Termination "visa won by checkmate"]

1. e4 d6 2. d4 Nf6 3. Nc3 Nbd7 4. f3 e5 5. Nge2 Be7 6. Be3 c6 7. Qd2 b5 8. a3 Qc7 9. d5 a6 10. dxc6 Qxc6 11. Ng3 Nb6 12. Qf2 Nc4 13. Nd1 Nxe3 14. Nxe3 g6 15. c4 Be6 16. Rc1 Rb8 17. Rc2 b4 18.
Nd5 bxa3 19. Qa7 Qb7 20. Qxb7 Rxb7 21. bxa3 O-O 22. Kf2 Bd8 23. Ke2 Nd7 24. Ne3 Bb6 25. h4 Rc8 26. h5 Rbc7 27. hxg6 hxg6 28. Nd5 Bxd5 29. exd5 Rxc4 30. Rb2 Rc2+ 31. Rxc2 Rxc2+ 32. Kd3 Ra2 33. Ne4 Nc5+ 34. Nxc5 Bxc5 35. Kc3 Rxa3+ 36. Kb2 a5 37. Bc4 Re3 38. Ra1 Bb4 39. Kc2 Rc3+ 40.
Kb2 Rxc4 41. Kb3 Rd4 42. g4 Rxd5 43. Kc4 Rd4+ 44. Kb5 Rd3 45. Kc6 Rxf3 46. Kd7 Rf4 47. g5 Rg4 48. Ke7 Rxg5 49. Kf6 Rf5+ 50. Ke7 d5+ 51. Kd7 d4 52. Re1 d3 53. Rb1 d2 54.
Rd1 e4 55. Kc6 e3 56. Kb6 e2 57. Rb1 Rf1 58. Rb3 e1=Q 59. Rd3 d1=Q 60. Rd7 Qe6+ 61. Kb5 Qdxd7# 0-1